 Dungeon Sprint DCSS version 0.30-a0-622-gddc90eaa04 (webtiles) character file.

Game seed: 11810895662466456307

126 BigDaddyOpFi the Shield-Bearer (level 3, -3/35 HPs)
             Began as a Gnoll Fighter on Jan 9, 2023.
             Was a Priest of Qazlal.
             Slain by a killer bee (7 damage)
             ... in the Dungeon (Sprint VI: "Thunderdome") on Jan 10, 2023.
             The game lasted 00:02:57 (317 turns).

BigDaddyOpFi the Shield-Bearer (Gnoll Fighter)       Turns: 317, Time: 00:02:57

Health: -3/35      AC:  7    Str: 17    XL:     3   Next: 62%
Magic:  0/6        EV: 10    Int: 10    God:    Qazlal [***...]
Gold:   100        SH: 11    Dex: 19    Spells: 6/6 levels left

rFire   + . .      SeeInvis .    s - +0 broad axe
rCold   x . .      Faith    .    c - +0 buckler
rNeg    . . .      Spirit   +    b - +0 scale mail
rPois   +          Reflect  .    (no helmet)
rElec   +          Harm     .    (no cloak)
rCorr   .          Rampage  .    (no gloves)
Will    .....      NoTele   +    (no boots)
Stlth   +                        o - amulet of Bodily Harmony {Spirit Int+3 Dex+4}
HPRegen 0.25/turn                p - ring of Bulec {rElec rPois Dex+2}
MPRegen 0.10/turn                q - ring of the Queen {Fire Dex+2}

@: lethally poisoned (-3 -> -9)
A: fangs 1, strong nose, distributed training
a: Renounce Religion, Upheaval, Elemental Force


You were in the Dungeon.
You worshipped Qazlal.
Qazlal was most pleased with you.
You visited 1 branch You collected 400 gold pieces.
You spent 300 gold pieces at shops.

Inventory:

Hand Weapons
 a - a +0 war axe
 s - a +0 broad axe (weapon)
Armour
 b - a +0 scale mail (worn)
 c - a +0 buckler (worn)
Jewellery
 o - the amulet of Bodily Harmony (around neck) {Spirit Int+3 Dex+4}
   (You bought it in a shop in the Dungeon)

   [amulet of guardian spirit]

   It causes incoming damage to be divided between your reserves of health and
   magic.
   Int:       It affects your intelligence (+3).
   Dex:       It affects your dexterity (+4).
 p - the ring of Bulec (left hand) {rElec rPois Dex+2}
   (You bought it in a shop in the Dungeon)

   [ring of poison resistance]

   Dex:       It affects your dexterity (+2).
   rElec:     It insulates you from electricity.
   rPois:     It protects you from poison.
 q - the ring of the Queen (right hand) {Fire Dex+2}
   (You bought it in a shop in the Dungeon)

   [ring of fire]

   It enhances your fire magic.
   Dex:       It affects your dexterity (+2).
   rF:        It protects you from fire.
   rC:        It makes you vulnerable to cold.
 r - the ring "Ceetiut" {rF+ rN+}
   (You bought it in a shop in the Dungeon)

   [ring of positive energy]

   rF:        It protects you from fire.
   rN:        It protects you from negative energy.
Wands
 l - a wand of acid (1) (quivered)
 m - a wand of iceblast (5)
Scrolls
 j - 4 scrolls of blinking
 n - 3 scrolls of fog
Potions
 d - a potion of might
 e - a potion of curing
 f - 4 potions of heal wounds
 g - 4 potions of haste
 h - 2 potions of magic
 i - a potion of berserk rage
 k - a potion of resistance


   Skills:
 + Level 6.9 Fighting
 + Level 2.2 Short Blades
 + Level 2.2 Long Blades
 + Level 5.1 Axes
 + Level 2.2 Maces & Flails
 + Level 2.2 Polearms
 + Level 2.2 Staves
 + Level 2.2 Ranged Weapons
 + Level 2.2 Throwing
 + Level 6.9 Armour
 + Level 2.2 Dodging
 + Level 2.2 Stealth
 + Level 6.9 Shields
 + Level 2.2 Unarmed Combat
 + Level 2.2 Spellcasting
 + Level 1.8 Conjurations
 + Level 1.8 Hexes
 + Level 1.8 Summonings
 + Level 1.8 Necromancy
 + Level 1.8 Translocations
 + Level 1.8 Transmutations
 + Level 1.8 Fire Magic
 + Level 1.8 Ice Magic
 + Level 1.8 Air Magic
 + Level 1.8 Earth Magic
 + Level 1.8 Poison Magic
 + Level 2.4 Invocations
 + Level 2.2 Evocations


You had 6 spell levels left.
You didn't know any spells.
Your spell library was empty.

Dungeon Overview and Level Annotations

Branches:
Dungeon (1/1)

Altars:
Cheibriados
Dithmenos
Fedhas
Gozag
Kikubaaqudgha
Makhleb
Okawaru
Qazlal
Ru
Sif Muna
Trog
Uskayaw
Vehumet
Wu Jian
Xom
Yredelemnul
Zin
The Shining One
Lugonu

Shops:
D *[??*?*:[((!!!!


Innate Abilities, Weirdness & Mutations

You have very sharp teeth.
Your uncanny sense of smell can sniff out nearby items.
Your experience applies equally to all skills.


Message History

The killer bee buzzes angrily.
You hear an angry buzzing noise. x2
A killer bee comes into view. x2
You block the killer bee's attack.
The killer bee attacks as you move away!
The killer bee stings you but does no damage.
The killer bee closely misses you.
The killer bee attacks as you move away!
The killer bee barely misses you. The killer bee closely misses you.
The killer bee stings you but does no damage.
The killer bee stings you but does no damage. x2
The killer bee barely misses you.
There is an entrance to Onkomn's Weapon Rack here.
s - a +0 broad axe Thank you for shopping at Onkomn's Weapon Rack!
Okay, then.
s - a +0 broad axe (weapon)
The killer bee barely misses you. The killer bee stings you.
The killer bee misses you.
You barely miss the killer bee.
You hit the killer bee but do no damage.
You closely miss the killer bee. The killer bee stings you.
The killer bee barely misses you. You block the killer bee's attack. x2
The killer bee stings you! The killer bee closely misses you.
You barely miss the killer bee. Your bite misses the killer bee.
You closely miss the killer bee. x2; The killer bee stings you.
The killer bee is engulfed in freezing vapours.
The killer bee stings you but does no damage. x2
The killer bee stings you.
The killer bee is engulfed in freezing vapours.
The killer bee stings you!
* * * LOW HITPOINT WARNING * * *
You are poisoned.
The killer bee poisons you! You block the killer bee's attack.
The killer bee is engulfed in freezing vapours.
You kill the killer bee!
Qazlal accepts your kill. The killer bee stings you!
* * * LOW HITPOINT WARNING * * *
The killer bee stings you!
You die...

∩........8.#
#.8).......∩##
#∩___......###......___∩##
######.8.........8.######
#⌠.........(.⌠#
###.........###
#_......)_# #_......._#
#.......yy# #∩......☼@#
##∩.....○## ##.....##
##⌠⌠⌠## #####


You could see 2 killer bees.

Vanquished Creatures
  A killer bee (D)
  Jessica (D)
  8 endoplasms (D)
  A goblin (D)
  A quokka (D)
  5 kobolds (D)
17 creatures vanquished.

Notes
Turn   | Place    | Note
-------+----------+-------------------------------------------
     0 | D        | BigDaddyOpFi the Gnoll Fighter began the quest for the Orb.
     0 | D        | Reached XP level 1. HP: 23/23 MP: 1/1
     4 | D        | Found a radiant altar of Vehumet.
     4 | D        | Found an iron altar of Okawaru.
     5 | D        | Found a glowing silver altar of Zin.
     5 | D        | Found an ornate altar of the Wu Jian Council.
     5 | D        | Round 1.
     6 | D        | Found a snail-covered altar of Cheibriados.
     7 | D        | Found a hide-covered altar of Uskayaw.
     7 | D        | Found a bloodstained altar of Trog.
     7 | D        | Found Lameh's Identification Station.
     8 | D        | Found Oklitoq's Jewellery.
     8 | D        | Found Imeumex's Advanced Armour.
    16 | D        | Bought a clouded bone amulet for 45 gold pieces
    16 | D        | Identified the amulet of Bodily Harmony {Spirit Int+3
                  | Dex+4} (You bought it in a shop in the Dungeon)
    16 | D        | Bought a brightly glowing brass ring for 45 gold pieces
    16 | D        | Identified the ring of Bulec {rElec rPois Dex+2} (You
                  | bought it in a shop in the Dungeon)
    16 | D        | Bought a clouded lead ring for 45 gold pieces
    16 | D        | Identified the ring of the Queen {Fire Dex+2} (You bought
                  | it in a shop in the Dungeon)
    34 | D        | Upgraded the game from 0.30-a0-618-gd6c86c23d0 to
                  | 0.30-a0-622-gddc90eaa04
    37 | D        | Found a basalt altar of Yredelemnul.
    50 | D        | Bought a clouded marble ring for 45 gold pieces
    50 | D        | Identified the ring "Ceetiut" {rF+ rN+} (You bought it in a
                  | shop in the Dungeon)
    73 | D        | Found a stormy altar of Qazlal.
    75 | D        | Found Yhaich's Premium Goods.
    76 | D        | Found a burning altar of Makhleb.
    76 | D        | Found a shadowy altar of Dithmenos.
    76 | D        | Found a blossoming altar of Fedhas.
    76 | D        | Found Onkomn's Weapon Rack.
    76 | D        | Found Paishaaj's Miscellaneous Merchandise.
    76 | D        | Found Ajuph's Basic Armour.
    81 | D        | Became a worshipper of Qazlal Stormbringer
    84 | D        | Reached skill level 1 in Invocations
    99 | D        | Noticed Jessica
   104 | D        | Found a glowing golden altar of the Shining One.
   105 | D        | Found a shimmering altar of Xom.
   106 | D        | Found an opulent altar of Gozag.
   108 | D        | Reached skill level 1 in Short Blades
   108 | D        | Reached skill level 1 in Long Blades
   108 | D        | Reached skill level 1 in Maces & Flails
   108 | D        | Reached skill level 1 in Polearms
   108 | D        | Reached skill level 1 in Staves
   108 | D        | Reached skill level 1 in Ranged Weapons
   108 | D        | Reached skill level 1 in Throwing
   108 | D        | Reached skill level 1 in Dodging
   108 | D        | Reached skill level 1 in Stealth
   108 | D        | Reached skill level 1 in Unarmed Combat
   108 | D        | Reached skill level 1 in Spellcasting
   108 | D        | Reached skill level 1 in Evocations
   108 | D        | Found Vyicwes's Do-It-Yourself Clinic.
   108 | D        | Found an ancient bone altar of Kikubaaqudgha.
   108 | D        | Found a corrupted altar of Lugonu.
   108 | D        | Found Milarig's Distillery.
   109 | D        | Found Yfud's Bottled Wisdom.
   109 | D        | Found Bonuurgh's Distillery.
   112 | D        | Found a shimmering blue altar of Sif Muna.
   114 | D        | Found a sacrificial altar of Ru.
   115 | D        | Found Xaliehe's Staff Store.
   115 | D        | Found Cyfe's Magic Scroll Shop.
   116 | D        | Found Safis's Must-Have Magic.
   116 | D        | Found Lemocidy's Magic Scroll Shop.
   121 | D        | Killed Jessica
   121 | D        | Reached * piety under Qazlal
   121 | D        | Arena points: 12 (+12) [x2]
   122 | D        | Reached skill level 5 in Axes
   122 | D        | Reached skill level 1 in Conjurations
   122 | D        | Reached skill level 1 in Hexes
   122 | D        | Reached skill level 1 in Summonings
   122 | D        | Reached skill level 1 in Necromancy
   122 | D        | Reached skill level 1 in Translocations
   122 | D        | Reached skill level 1 in Transmutations
   122 | D        | Reached skill level 1 in Fire Magic
   122 | D        | Reached skill level 1 in Ice Magic
   122 | D        | Reached skill level 1 in Air Magic
   122 | D        | Reached skill level 1 in Earth Magic
   122 | D        | Reached skill level 1 in Poison Magic
   122 | D        | Reached XP level 2. HP: 23/29 MP: 3/5
   122 | D        | Reached XP level 3. HP: 28/35 MP: 3/6
   145 | D        | Round 2.
   154 | D        | Reached ** piety under Qazlal
   158 | D        | Arena points: 54 (+42) [x3]
   224 | D        | Round 3.
   228 | D        | Reached *** piety under Qazlal
   287 | D        | Arena points: 126 (+72) [x4]
   302 | D        | Round 4.
   303 | D        | Noticed a killer bee
   304 | D        | Noticed a killer bee
   304 | D        | Noticed a killer bee
   315 | D        | Bought a +0 broad axe for 120 gold pieces
   317 | D        | Killed a killer bee
   317 | D        | Slain by a killer bee

Illustrated notes

Levels and vault maps discovered:
D:        arena_sprint

Skill      XL: |  1 |
---------------+----+-----
Invocations    | 2 |  2.4
Short Blades   | 2 |  2.2
Long Blades    | 2 |  2.2
Maces & Flails | 2 |  2.2
Polearms       | 2 |  2.2
Staves         | 2 |  2.2
Ranged Weapons | 2 |  2.2
Throwing       | 2 |  2.2
Dodging        | 2 |  2.2
Stealth        | 2 |  2.2
Unarmed Combat | 2 |  2.2
Spellcasting   | 2 |  2.2
Evocations     | 2 |  2.2
Axes           | 5 |  5.1
Conjurations   | 1 |  1.8
Hexes          | 1 |  1.8
Summonings     | 1 |  1.8
Necromancy     | 1 |  1.8
Translocations | 1 |  1.8
Transmutations | 1 |  1.8
Fire Magic     | 1 |  1.8
Ice Magic      | 1 |  1.8
Air Magic      | 1 |  1.8
Earth Magic    | 1 |  1.8
Poison Magic   | 1 |  1.8
Fighting       | |  6.9
Armour         | |  6.9
Shields        | |  6.9

Action                   || total
-------------------------++-------
Melee: War axe           ||    14
       Bite              ||     1
       Broad axe         ||     2
Invok: Upheaval          ||     2
Evoke: Wand              ||     4
Armor: Scale mail        ||    10
Dodge: Dodged            ||    13
Block: Buckler           ||     8

Table legend: (Time is in decaauts)
 A = Elapsed time spent in this place.
 B = Non-inter-level travel time spent in this place.
 C = Inter-level travel time spent in this place.
 D = Time resting spent in this place.
 E = Time spent auto-exploring this place.
 F = Levels seen in this place.
 G = Mean time per level.
                   A        B        C        D        E       F      G
               +--------+--------+--------+--------+--------+-----+--------+
         Total |    320 |    320 |      0 |     89 |      6 |   1 |  320.0 |
       Dungeon |    320 |    320 |      0 |     89 |      6 |   1 |  320.0 |
               +--------+--------+--------+--------+--------+-----+--------+

Top non-repeatable levels by time:
       D: 320 daAuts
